 Dungeon Crawl Stone Soup version 0.28.0-53-g5a82cb258f (webtiles) character file.

Game seed: 8674720425038543511

46658 Gabide the Placeless Human (level 14, -8/96 (105) HPs)
             Began as a Human Warper on June 12, 2022.
             Was a High Priest of Sif Muna.
             Mangled by a dire elephant (9 damage)
             ... on level 6 of the Lair of Beasts.
             The game lasted 00:58:18 (22661 turns).

Gabide the Placeless Human (Human Warper)          Turns: 22661, Time: 00:58:19

HP:   -8/96 (105)   AC: 24    Str: 19    XL:     14   Next: 77%
MP:   26/27         EV: 11    Int: 15    God:    Sif Muna [*****.]
Gold: 567           SH:  0    Dex: 20    Spells: 16/32 levels left

rFire   . . .      SeeInvis .   e - +11 flail of Distraction {vorpal, rPois Str+2}
rCold   + . .      Faith    .   (no shield)
rNeg    + . .      Spirit   .   o - +6 scale mail "Xiqimytz" {rPois Str+4 Int-2 Dex+7}
rPois   +          Reflect  .   s - +2 hat
rElec   .          Harm     .   P - +2 cloak
rCorr   .          Rampage  .   l - +0 pair of gloves
Will    +....                   p - +0 pair of boots
Stlth   ..........              O - amulet of regeneration
HPRegen 1.06/turn               E - +4 ring of protection
MPRegen 0.20/turn               y - ring of positive energy

@: about to teleport, constricted, drained, very slow
A: cold resistance 1, wild magic 1
a: Renounce Religion, Channel Magic, Forget Spell, Divine Exegesis


You were on level 6 of the Lair of Beasts.
You worshipped Sif Muna.
Sif Muna was extremely pleased with you.
You visited 3 branches of the dungeon, and saw 19 of its levels.
You also visited: Volcano.

You collected 1178 gold pieces.
You spent 611 gold pieces at shops.

Inventory:

Hand Weapons
 e - the +11 flail of Distraction (weapon) {vorpal, rPois Str+2}
   (You found it on level 3 of the Dungeon)

   It inflicts extra damage upon your enemies.
   Str:       It affects your strength (+2).
   rPois:     It protects you from poison.
 K - a +1 battleaxe of flaming
 L - a +0 fustibalus of flaming
 M - the +5 war axe of Afishabb {venom, Will+ Dex+2}
   (You found it on level 9 of the Dungeon)

   It poisons the flesh of those it strikes.
   Dex:       It affects your dexterity (+2).
   Will:      It increases your willpower.
Missiles
 v - 24 poisoned darts (quivered)
 S - 5 atropa-tipped darts
 V - a throwing net
Armour
 l - a +0 pair of gloves (worn)
 o - the +6 scale mail "Xiqimytz" (worn) {rPois Str+4 Int-2 Dex+7}
   (You found it on level 5 of the Dungeon)

   Str:       It affects your strength (+4).
   Int:       It affects your intelligence (-2).
   Dex:       It affects your dexterity (+7).
   rPois:     It protects you from poison.
 p - a +0 pair of boots (worn)
 s - a +2 hat (worn)
 P - a +2 cloak (worn)
 W - the +0 pair of gloves "Iwimaaph" {rF++ Int+4}
   (You found it on level 6 of the Lair of Beasts)

   Int:       It affects your intelligence (+4).
   rF:        It greatly protects you from fire.
Magical Staves
 q - a staff of cold
Jewellery
 f - an amulet of faith
 g - a +6 ring of strength
 t - a ring of fire
 x - a +6 ring of dexterity
 y - a ring of positive energy (right hand)
 z - a ring of see invisible
 E - a +4 ring of protection (left hand)
 O - an amulet of regeneration (around neck)
 T - a ring of protection from fire
Wands
 d - a wand of iceblast (2)
 A - a wand of flame (25)
 H - a wand of paralysis (22)
 I - a wand of polymorph (8)
Scrolls
 b - a scroll of amnesia
 c - 4 scrolls of blinking
 i - 4 scrolls of teleportation
 k - 6 scrolls of vulnerability
 m - a scroll of silence
 n - 6 scrolls of fog
 u - 4 scrolls of immolation
 w - a scroll of summoning
 J - a scroll of magic mapping {unknown}
Potions
 a - 3 potions of mutation
 h - a potion of ambrosia
 j - 4 potions of cancellation
 r - a potion of resistance
 B - 2 potions of curing
 C - 2 potions of might
 D - 6 potions of haste
 F - 4 potions of lignification
 G - 5 potions of flight
 N - a potion of berserk rage
 Q - 3 potions of invisibility
 R - a potion of brilliance


   Skills:
 - Level 8.0 Fighting
 - Level 2.0 Short Blades
 - Level 8.5(10.1) Axes
 - Level 8.3(10.0) Maces & Flails
 - Level 8.5 Throwing
 - Level 4.0 Armour
 - Level 8.0 Dodging
 - Level 9.5 Spellcasting
 + Level 13.8 Translocations


You had 16 spell levels left.
You knew the following spells:

 Your Spells              Type           Power      Damage    Failure   Level
a - Blink                 Tloc           100%       N/A       1%          2
b - Gell's Gravitas       Tloc           58%        N/A       1%          3
c - Lesser Beckoning      Tloc           58%        N/A       1%          3
d - Teleport Other        Tloc           58%        N/A       1%          3
e - Manifold Assault      Tloc           58%        N/A       4%          5

Your spell library contained the following spells:

 Spells                   Type           Power      Damage    Failure   Level
 Foxfire                  Conj/Fire      36%        2x1d5     38%         1
 Freeze                   Ice            36%        1d6       38%         1
 Corpse Rot               Necr/Air       18%        N/A       50%         2
 Scorch                   Fire           18%        2d5       50%         2
 Sublimation of Blood     Necr           9%         N/A       50%         2
 Wereblood                Tmut           9%         N/A       50%         2
 Confusing Touch          Hex            9%         N/A       73%         3
 Frozen Ramparts          Ice            18%        1d3       73%         3
 Tukima's Dance           Hex            9%         N/A       73%         3
 Airstrike                Air            4%         N/A       98%         4
 Anguish                  Hex/Necr       4%         N/A       98%         4
 Hailstorm                Conj/Ice       9%         3d4       98%         4
 Summon Lightning Spire   Summ/Air       9%         N/A       98%         4
 Lightning Bolt           Conj/Air       4%         1d16      100%        5
 Silence                  Hex/Air        4%         N/A       100%        5
 Yara's Violent Unravell  Hex/Tmut       4%         3d4       100%        5
 Enfeeble                 Hex            4%         N/A       100%        7
 Summon Hydra             Summ           4%         N/A       100%        7


Dungeon Overview and Level Annotations

Branches:
Dungeon (12/15)            Temple (1/1) D:4            Lair (6/6) D:10
 Shoals (0/4) Lair:4        Snake (0/4) Lair:2        Slime (0/5) Lair:5
    Orc (0/2) D:9         Volcano (visited)

Altars:
Ashenzari
Cheibriados
Dithmenos
Elyvilon
Fedhas
Gozag
Hepliaklqana
Kikubaaqudgha
Makhleb
Nemelex Xobeh
Okawaru
Qazlal
Ru
Sif Muna
Trog
Uskayaw
Vehumet
Wu Jian
Xom
Yredelemnul
Zin
The Shining One
Jiyva

Shops:
D:4 *   D:8 :[(   D:11 *


Innate Abilities, Weirdness & Mutations

Your flesh is cold resistant. (rC+)
Your spells are a little harder to cast, but a little more powerful.


Message History

You feel drained. The spectral anaconda constricts you.
You're wearing all the rings you can.
Remove which one? (? for menu, Esc to cancel) < or
E - a +4 ring of protection; > or
x - a +6 ring of dexterity You remove your +6 ring of dexterity.
You feel clumsy.
The spectral anaconda barely misses you.
The spectral anaconda constricts you.
y - a ring of positive energy (right hand)
The spectral anaconda loses its grip on you.
You barely miss the necromancer. You sock the necromancer!
The necromancer is moderately wounded.
You bludgeon the necromancer!!
You kill the necromancer!
Sif Muna accepts your kill. The spectral anaconda grabs you.
The spectral anaconda bites you but does no damage.
The spectral anaconda constricts you.
* * * LOW HITPOINT WARNING * * *
Casting: Blink (safe; 1% risk of failure)
Confirm with . or Enter, or press ? or * to list all spells.
You escape the spectral anaconda's grasp.
You blink.
As you read the scroll of teleportation, it crumbles to dust.
You feel strangely unstable.
Unknown command.
Unknown command.
You enter the shallow water.
Moving in this stuff is going to be slow.
The spectral anaconda grabs you.
The spectral anaconda bites you but does no damage.
The spectral anaconda constricts you. The spectral anaconda bites you.
* * * LOW HITPOINT WARNING * * *
The spectral anaconda constricts you. The dire elephant tramples you!!
* * * LOW HITPOINT WARNING * * *
You are held in place!
The dire elephant barely misses you.
The spectral anaconda barely misses you.
The spectral anaconda constricts you. The dire elephant tramples you!
You die...

P#.....###P..#.8##8$|8
.............'.P8#.!(.#
.............'.⌠.#p...#
.............'.P8#....#
....P......#.#.8##8..8#
.........#...#.####''#
.......##.#P.#.##.≈≈≈##
......######.#.#.Y≈≈≈≈#
.....#.####..#.#@Z≈≈≈≈#
.........#...#.##≈≈≈..#
........####.#..#≈...##
........# #..##.####)##
..P.....# ##.♣#P..#8.8#
........#
#..###.#...###
....#####
##.P##.##..#.# ..###
##.##.P#..'.### ..#
##..♣##.#P.'.P.#


You could see a dire elephant (soul bound) and a spectral anaconda.

Vanquished Creatures
  Gastronok (D:11)
  A red draconian (Volcano)
  Snorg (D:10)
  2 boulder beetles (Lair:5)
  Fannar (Lair:1)
  3 hydras
  2 two-headed ogres
  2 spectral death yaks (Lair:6)
  A salamander mystic (Volcano)
  3 necromancers (Lair:6)
  A cyclops (D:11)
  An ugly thing (D:8)
  5 salamanders (Volcano)
  A merfolk siren (Lair:4)
  3 black mambas
  16 elephants (Lair:6)
  11 cane toads
  A rime drake (Lair:6)
  A kobold demonologist (D:9)
  2 dire elephant skeletons (Lair:6)
  6 komodo dragons
  A queen bee (Lair:1)
  A polar bear (Lair:5)
  A hornet (D:10)
  3 trolls
  18 blink frogs
  2 spectral elephants (Lair:6)
  6 dream sheep (Lair:5)
  A wraith (D:10)
  A basilisk (Lair:3)
  40 yaks
  A death yak simulacrum (Lair:6)
  Menkaure (D:5)
  2 steam dragons
  4 spectral cane toads (Lair:6)
  An acid dragon (D:10)
  18 water moccasins
  3 orc warriors (D:8)
  2 black bears
  A sky beast (D:8)
  An elephant zombie (Lair:6)
  2 necrophages
  11 wolves
  9 centaurs
  3 phantoms
  3 kobold brigands
  8 bullfrogs
  3 scorpions
  2 cane toad simulacra (Lair:6)
  2 elephant simulacra (Lair:6)
  A water moccasin skeleton (D:4)
  14 killer bees (Lair:1)
  2 electric eels (D:10)
  3 howler monkeys
  5 centaur zombies
  6 hounds
  2 centaur skeletons (D:7)
  A gnoll shaman (D:6)
  3 jellies
  2 orc priests
  Natasha (thrice) (D:2)
  5 orc wizards
  A hound skeleton (D:4)
  4 gnolls
  7 adders
  A shadow imp (D:7)
  3 white imps
  An ufetubus (D:5)
  4 dart slugs
  28 orcs
  8 ball pythons
  8 bats
  11 endoplasms
  4 giant cockroaches
  10 goblins
  8 hobgoblins
  6 jackals
  20 kobolds
  A quokka (D:3)
  2 frilled lizards
  7 rats
397 creatures vanquished.

Vanquished Creatures (others)
  17 fungi
  23 plants
  11 withered plants (Lair:6)
51 creatures vanquished.

Grand Total: 448 creatures vanquished

Notes
Turn   | Place    | Note
-------+----------+-------------------------------------------
     0 | D:1      | Gabide the Human Warper began the quest for the Orb.
     0 | D:1      | Reached XP level 1. HP: 16/16 MP: 3/3
   133 | D:1      | Reached XP level 2. HP: 13/22 MP: 5/5
   565 | D:1      | Found a faded altar of an unknown god.
   753 | D:1      | Reached XP level 3. HP: 27/27 MP: 6/6
  1254 | D:2      | Noticed Natasha
  1272 | D:2      | Killed Natasha
  1273 | D:2      | Reached XP level 4. HP: 24/33 MP: 6/8
  1568 | D:2      | Identified the +5 falchion of Luhain {freeze, +Blink rElec
                  | Will- Dex+3}
  1976 | D:2      | Noticed Natasha
  1990 | D:2      | Killed Natasha
  1991 | D:2      | Reached skill level 4 in Translocations
  1991 | D:2      | Reached XP level 5. HP: 15/38 MP: 9/9
  3049 | D:2      | Noticed Natasha
  3349 | D:2      | Gained mutation: You tend to lose your temper in combat.
                  | [potion of mutation]
  3356 | D:2      | Killed Natasha
  3803 | D:3      | Lost mutation: You tend to lose your temper in combat.
                  | [potion of mutation]
  3803 | D:3      | Gained mutation: Your flesh is cold resistant. (rC+)
                  | [potion of mutation]
  3803 | D:3      | Gained mutation: Your spells are a little harder to cast,
                  | but a little more powerful. [potion of mutation]
  4070 | D:3      | Reached XP level 6. HP: 16/44 MP: 9/11
  4139 | D:3      | HP: 1/44 [orc/+0 whip (4)]
  4595 | D:3      | Identified the +11 flail of Distraction {vorpal, rPois
                  | Str+2}
  4690 | D:3      | Learned a level 2 spell: Blink
  5265 | D:4      | Reached XP level 7. HP: 52/52 MP: 12/12
  5377 | D:4      | Found a sacrificial altar of Ru.
  5424 | D:4      | Found Xeduagyruu's Assorted Antiques.
  5749 | D:4      | Found a basalt altar of Yredelemnul.
  5750 | D:4      | Found a shadowy altar of Dithmenos.
  6005 | D:4      | Found a staircase to the Ecumenical Temple.
  6011 | Temple   | Entered the Ecumenical Temple
  6113 | Temple   | Became a worshipper of Sif Muna the Loreminder
  6427 | D:5      | Entered Level 5 of the Dungeon
  6431 | D:5      | Reached skill level 1 in Maces & Flails
  6455 | D:5      | Reached XP level 8. HP: 55/58 MP: 13/13
  6665 | D:5      | Identified the +6 scale mail "Xiqimytz" {rPois Str+4 Int-2
                  | Dex+7}
  6714 | D:5      | Noticed Menkaure
  6722 | D:5      | Killed Menkaure
  7784 | D:6      | Reached skill level 5 in Maces & Flails
  7902 | D:6      | Reached XP level 9. HP: 44/63 MP: 14/14
  8445 | D:6      | Reached * piety under Sif Muna
  9040 | D:7      | Reached skill level 5 in Translocations
  9085 | D:7      | You fall into a shaft and drop 2 floors!
  9256 | D:4      | Bought a blue potion for 23 gold pieces
  9256 | D:4      | Bought a shiny coral ring for 130 gold pieces
  9256 | D:4      | Bought a scroll labelled KAICVI WYVUTA for 26 gold pieces
  9256 | D:4      | Bought a black potion for 23 gold pieces
  9256 | D:4      | Bought a scroll of identify for 52 gold pieces
  9916 | D:8      | Found Zogeawk's Book Boutique.
 10011 | D:8      | Found Fubleino's Antique Armour Boutique.
 10055 | D:8      | Reached skill level 5 in Throwing
 10067 | D:8      | Found Xesuel's Antique Weapon Shop.
 10104 | D:8      | Reached XP level 10. HP: 48/70 MP: 17/17
 10258 | D:8      | Reached skill level 5 in Spellcasting
 10259 | D:8      | Reached ** piety under Sif Muna
 10260 | D:8      | Reached skill level 6 in Translocations
 10482 | D:8      | Noticed a red ugly thing
 10510 | D:8      | Killed a red ugly thing
 10853 | D:9      | Noticed a two-headed ogre
 10875 | D:9      | Killed a two-headed ogre
 10876 | D:9      | Reached skill level 7 in Translocations
 10882 | D:9      | Learned a level 3 spell: Gell's Gravitas
 10886 | D:9      | Learned a level 3 spell: Lesser Beckoning
 10890 | D:9      | Learned a level 3 spell: Teleport Other
 11001 | D:9      | Noticed a kobold demonologist
 11011 | D:9      | Killed a kobold demonologist
 11188 | D:9      | Found a staircase to the Orcish Mines.
 11546 | D:9      | Reached XP level 11. HP: 60/75 MP: 21/21
 11552 | D:9      | Identified the +5 war axe of Afishabb {venom, Will+ Dex+2}
 11757 | D:10     | Entered Level 10 of the Dungeon
 12157 | D:10     | Reached skill level 8 in Translocations
 12228 | D:10     | Reached skill level 1 in Axes
 12615 | D:10     | Found a staircase to the Lair.
 12819 | D:10     | Noticed Snorg
 12838 | D:10     | Killed Snorg
 13884 | D:11     | Noticed a two-headed ogre
 13908 | D:11     | Killed a two-headed ogre
 14251 | D:11     | Noticed a cyclops
 14260 | D:11     | Killed a cyclops
 14261 | D:11     | Reached skill level 9 in Translocations
 14350 | D:11     | Identified the +2 leather armour "Docsam" {rElec Will-
                  | Regen+ Str+4}
 14454 | D:11     | Found Wucwejah's Island Escapes.
 14619 | D:11     | Noticed Gastronok
 14636 | D:11     | Killed Gastronok
 14637 | D:11     | Reached XP level 12. HP: 64/81 MP: 22/24
 15145 | D:11     | Bought a scroll of teleportation for 51 gold pieces
 15145 | D:11     | Bought a potion of haste for 170 gold pieces
 15145 | D:11     | Bought a potion of invisibility for 136 gold pieces
 15284 | Lair:1   | Entered Level 1 of the Lair of Beasts
 15673 | Lair:1   | Reached *** piety under Sif Muna
 16135 | Lair:1   | Noticed Fannar
 16151 | Lair:1   | Killed Fannar
 16243 | Lair:1   | Reached skill level 5 in Fighting
 16565 | Lair:2   | Found a staircase to the Snake Pit.
 16813 | Lair:2   | Noticed a six-headed hydra
 16814 | Lair:2   | Noticed a five-headed hydra
 16839 | Lair:2   | Killed a six-headed hydra
 17001 | Lair:2   | Killed a five-headed hydra
 17002 | Lair:2   | Reached XP level 13. HP: 83/98 MP: 25/25
 17622 | Lair:3   | Noticed an eight-headed hydra
 17639 | Lair:3   | Killed an eight-headed hydra
 17770 | Lair:3   | Found a snail-covered altar of Cheibriados.
 17813 | Lair:3   | Reached skill level 5 in Dodging
 17842 | Lair:3   | Reached **** piety under Sif Muna
 18945 | Lair:4   | Found a dark tunnel.
 18996 | Volcano  | Entered a volcano
 19295 | Volcano  | Noticed a red draconian
 19306 | Volcano  | Killed a red draconian
 19725 | Lair:4   | Found a staircase to the Shoals.
 19909 | Lair:4   | Learned a level 5 spell: Manifold Assault
 19926 | Lair:5   | Reached skill level 10 in Translocations
 19969 | Lair:5   | Found a staircase to the Slime Pits.
 19969 | Lair:5   | Found a viscous altar of Jiyva.
 20033 | Lair:5   | Noticed a boulder beetle
 20050 | Lair:5   | Killed a boulder beetle
 20208 | Lair:5   | Noticed a boulder beetle
 20233 | Lair:5   | Killed a boulder beetle
 20234 | Lair:5   | Reached XP level 14. HP: 105/105 MP: 24/27
 20660 | Lair:5   | Reached ***** piety under Sif Muna
 20995 | Lair:6   | Entered Level 6 of the Lair of Beasts
 21025 | Lair:6   | Received a gift from Sif Muna
 21026 | Lair:6   | Got Sif Muna's Handbook of Fire and the Birds {god gift}
 21042 | Lair:6   | Reached skill level 11 in Translocations
 21366 | Lair:6   | Reached skill level 12 in Translocations
 21687 | Lair:6   | Noticed a dire elephant
 21708 | Lair:6   | Identified the +0 pair of gloves "Iwimaaph" {rF++ Int+4}
 21788 | Lair:6   | Reached skill level 13 in Translocations
 22661 | Lair:6   | HP: 1/96 [dire elephant (20)]
 22661 | Lair:6   | Mangled by a dire elephant

Illustrated notes

Levels and vault maps discovered:
D:1:      evilmike_arrival_come_back, layout_basic,
          shapermc_ecumenical_altar_pompeii, minmay_pentomino_o4
D:2:      layout_basic, uniq_natasha
D:3:      layout_basic
D:4:      layout_gridville, gammafunk_temple_overflow_statue,
          mainiacjoe_overflow_brackets, minmay_temple_entry_enclosed_plants,
          serial_shops, nicolae_inconvenience_store, kennysheep_generic_room_4
D:5:      corexii_shack_village, layout_layer_cave, uniq_menkaure
D:6:      layout_basic
D:7:      layout_basic
D:8:      layout_gridville, serial_shops, nicolae_shop_waterfront,
          nicolae_shop_stone, shop
D:9:      layout_loops_ring, orc_0_dummy
D:10:     layout_stronghold, erik_lair_island, uniq_snorg
D:11:     layout_basic, nicolae_island_escapes, uniq_gastronok
D:12:     cheibrodos_fzero, layout_stronghold, gammafunk_ghost_mausoleum
Temple:   mainiacjoe_temple_bowtie_tessellation
Lair:1:   layout_long_grid, special_room [special_room_bee], uniq_fannar
Lair:2:   layout_loops_ring, minmay_snake_entry_six_corridors
Lair:3:   layout_hall_layers, basic_altar
Lair:4:   layout_loops_ring, elwin_shoals_entry_rooms,
          nicolae_volcano_entry_s_turn
Lair:5:   hellmonk_destroyed_diamonds, layout_layer_cave, slime_altar_1,
          grunt_megastairs_2
Lair:6:   due_jungle_book, layout_misc_corridors, grunt_megastairs_1

Skill      XL: |  1  2  3  4  5  6  7  8  9 10 11 12 13 14 |
---------------+-------------------------------------------+-----
Throwing       | 2 3 5 7 8 |  8.5
Spellcasting   | 3 4 6 8 9 |  9.5
Translocations | 4 5 7 9 10 13 | 13.8
Fighting       | 3 8 |  8.0
Dodging        | 3 8 |  8.0
Armour         | 4 |  4.0
Maces & Flails | 2 7 8 |  8.3
Axes           | 6 8 |  8.5
Short Blades   | |  2.0

Action                   |  1- 3 |  4- 6 |  7- 9 | 10-12 | 13-15 || total
-------------------------+-------+-------+-------+-------+-------++-------
Melee: Short sword       |    57 |       |       |       |       ||    57
       Dagger            |    68 |   243 |       |       |       ||   311
       Falchion          |       |    52 |       |       |       ||    52
       Punch             |       |     6 |     3 |     9 |    15 ||    33
       Flail             |       |    31 |   201 |   394 |   582 ||  1208
       War axe           |       |       |       |    33 |    19 ||    52
Throw: Stone             |     1 |    39 |       |       |       ||    40
       Boomerang         |       |     1 |    14 |    87 |       ||   102
       Dart              |       |       |       |    52 |    30 ||    82
       Throwing net      |       |       |       |     2 |       ||     2
 Cast: Blink             |       |       |       |    17 |     4 ||    21
       Lesser Beckoning  |       |       |       |     2 |     3 ||     5
       Teleport Other    |       |       |       |    15 |     2 ||    17
Evoke: Wand              |       |       |       |       |     2 ||     2
  Use: Potion            |       |     7 |       |     5 |     3 ||    15
       Scroll            |       |     4 |     6 |     7 |     8 ||    25
 Stab: Distracted        |     1 |       |       |       |       ||     1
       Held in net/web   |       |       |       |     1 |       ||     1
       Paralysed         |       |       |       |       |     8 ||     8
Armor: Ring mail         |    46 |   171 |    24 |       |       ||   241
       Scale mail        |       |       |    99 |   441 |   274 ||   814
Dodge: Dodged            |    54 |   105 |   112 |   434 |   427 ||  1132
